 Dungeon Crawl Stone Soup version 0.28.0-53-g5a82cb258f (webtiles) character file.

Game seed: 1106015024936896625

2270 PentaManta the Slicer (level 9, -1/54 (55) HPs)
             Began as a Kobold Berserker on June 17, 2022.
             Was a Priest of Trog.
             Slain by a gnoll
             ... wielding a +0 spear
              (6 damage)
             ... on level 6 of the Dungeon on June 18, 2022.
             The game lasted 00:15:56 (8632 turns).

PentaManta the Slicer (Kobold Berserker)            Turns: 8632, Time: 00:15:56

HP:   -1/54 (55)    AC:  6    Str: 15    XL:     9   Next: 65%
MP:   9/9           EV: 16    Int: 12    God:    Trog [***...]
Gold: 376           SH:  0    Dex: 14    Spells: 8/8 levels left

rFire   . . .      SeeInvis .   t - +2 short sword (elec)
rCold   . . .      Faith    +   (no shield)
rNeg    . . .      Spirit   .   p - +0 leather armour
rPois   .          Reflect  .   (no helmet)
rElec   .          Harm     .   l - +0 cloak
rCorr   .          Rampage  .   (no gloves)
Will    ++...                   B - +1 pair of boots
Stlth   ++++......              k - amulet of faith
HPRegen 1.18/turn               (no ring)
MPRegen 0.11/turn               (no ring)

@: strong-willed, on berserk cooldown, regenerating, lightly drained
A: small, no large weapons, nightstalker 3
a: Renounce Religion, Berserk, Trog's Hand


You were on level 6 of the Dungeon.
You worshipped Trog.
Trog was most pleased with you.
You visited 2 branches of the dungeon, and saw 7 of its levels.
You also visited: Sewer.

You collected 376 gold pieces.

Inventory:

Hand Weapons
 a - a +2 vorpal short sword
 b - a +1 dagger of venom
 t - a +2 short sword of electrocution (weapon)
 y - a +0 scimitar
Missiles
 h - 5 curare-tipped darts (quivered)
 s - 20 poisoned darts
Armour
 l - a +0 cloak (worn)
 p - a +0 leather armour (worn)
 B - a +1 pair of boots (worn)
Jewellery
 k - an amulet of faith (around neck)
 C - an amulet of the acrobat
Scrolls
 e - a scroll of acquirement
 n - a scroll of teleportation
 w - 2 scrolls of fog
 z - a scroll of immolation
Potions
 g - a potion of mutation
 i - a potion of might
 j - 3 potions of brilliance
 x - a potion of attraction
 D - a potion of berserk rage


   Skills:
 + Level 6.2 Fighting
 - Level 12.0 Short Blades
 - Level 1.5 Armour
 + Level 6.3 Dodging
 + Level 6.8 Stealth
 - Level 1.3 Evocations


You had 8 spell levels left.
You didn't know any spells.
Your spell library contained the following spells:

 Spells                   Type           Power      Damage    Failure   Level
 Dazzling Flash           Conj/Hex       0%         N/A       77%         3
 Agony                    Necr           0%         N/A       100%        5
 Silence                  Hex/Air        0%         N/A       100%        5


Dungeon Overview and Level Annotations

Branches:
Dungeon (6/15)             Temple (1/1) D:4           Sewer (visited)

Altars:
Ashenzari
Cheibriados
Dithmenos
Elyvilon
Fedhas
Gozag
Hepliaklqana
Nemelex Xobeh
Okawaru
Qazlal
Sif Muna
Vehumet
Wu Jian
Yredelemnul
Zin
The Shining One

Shops:
D:2 *

Annotations:
D:5 exclusion: oklob plant


Innate Abilities, Weirdness & Mutations

You are small and have problems with some larger weapons.
You are completely attuned to the shadows.


Message History

The gnoll hits you from afar with a +0 spear.
You hit the gnoll sergeant but do no damage.
The gnoll sergeant misses you. The gnoll misses you.
You feel much better.
The gnoll sergeant hits you with a +1 spear of freezing!
The gnoll sergeant freezes you.
The gnoll hits you from afar with a +0 spear.
The gnoll sergeant barely misses you.
You hit the gnoll sergeant.
The gnoll sergeant is lightly wounded.
The gnoll misses you.
You hit the gnoll sergeant but do no damage.
Lightning courses through the gnoll sergeant!
The gnoll sergeant is heavily wounded.
The gnoll sergeant hits you with a +1 spear of freezing.
The gnoll sergeant freezes you.
The gnoll hits you from afar with a +0 spear.
You hit the gnoll sergeant.
The gnoll sergeant is heavily wounded.
The gnoll sergeant misses you.
You hit the gnoll sergeant but do no damage.
The gnoll sergeant is heavily wounded.
The gnoll closely misses you.
You hit the gnoll sergeant.
The gnoll sergeant is severely wounded.
You feel yourself speed up.
The gnoll sergeant hits you with a +1 spear of freezing.
* * * LOW HITPOINT WARNING * * *
The gnoll sergeant freezes you.
* * * LOW HITPOINT WARNING * * *
The gnoll misses you.
Your skin crawls.
You feel strong-willed.
You can no longer call in reinforcements.
The gnoll sergeant hits you with a +1 spear of freezing.
* * * LOW HITPOINT WARNING * * *
The gnoll sergeant freezes you.
* * * LOW HITPOINT WARNING * * *
The gnoll hits you from afar with a +0 spear.
You die...

#######################
.'.....))....)..'†.)#..
.'.....)......()'))(#..
.####'@########'#.).#.. .?..g....
#...#...#♣. .$.(.g... #...#...#♣.
#g.g... )...$..). #.>.#####♣.
#g.... ......... #.[.#.♣♣♣.♣ P
#.... ##### ##'''#...... .♣♣ ####
###♣♣♣..P♣♣♣♣....♣.P.♣P.
#..♣♣..♣♣♣.♣P♣P..PP♣P.......♣....
#P♣P♣...P♣P.P....P♣P♣........P...


You could see a gnoll sergeant and a gnoll.

Vanquished Creatures
  A water moccasin (D:6)
  2 ogres
  A necrophage (D:3)
  A centaur (D:6)
  2 phantoms
  A wyvern zombie (D:5)
  4 kobold brigands
  3 scorpions
  4 wights (D:6)
  A howler monkey (D:5)
  3 centaur zombies (D:5)
  3 hounds (D:6)
  A jelly (D:5)
  2 bullfrog skeletons
  3 orc priests
  A bullfrog zombie (D:3)
  An iguana (D:4)
  3 orc wizards
  3 hound skeletons
  17 gnolls
  8 adders
  2 river rats (Sewer)
  An adder skeleton (D:4)
  6 worms
  3 dart slugs
  7 orcs
  12 endoplasms
  5 giant cockroaches (D:3)
  8 goblins
  16 hobgoblins
  3 jackals (D:4)
  4 quokkas
  10 ball pythons
  3 bats
  3 frilled lizards
  23 kobolds
  17 rats
188 creatures vanquished.

Vanquished Creatures (others)
  25 plants (D:6)
25 creatures vanquished.

Grand Total: 213 creatures vanquished

Notes
Turn   | Place    | Note
-------+----------+-------------------------------------------
     0 | D:1      | PentaManta the Kobold Berserker began the quest for the
                  | Orb.
     0 | D:1      | Reached XP level 1. HP: 14/14 MP: 1/1
   119 | D:1      | Reached XP level 2. HP: 10/19 MP: 2/2
   540 | D:1      | Reached skill level 5 in Short Blades
   624 | D:1      | Reached XP level 3. HP: 17/23 MP: 3/3
  1029 | D:1      | Found a faded altar of an unknown god.
  1507 | D:2      | Found Suuppoang's General Store.
  1529 | D:2      | Reached ** piety under Trog
  1530 | D:2      | Reached skill level 6 in Short Blades
  1574 | D:2      | Found a broken altar of Ashenzari.
  1593 | D:2      | Reached XP level 4. HP: 15/28 MP: 4/4
  2338 | D:3      | Reached skill level 7 in Short Blades
  2338 | D:3      | Reached XP level 5. HP: 30/32 MP: 5/5
  2383 | D:3      | Noticed a necrophage
  2395 | D:3      | Killed a necrophage
  2396 | D:3      | Reached skill level 8 in Short Blades
  2396 | D:3      | Reached XP level 6. HP: 37/37 MP: 6/6
  2543 | D:3      | Found a glowing drain.
  2585 | Sewer    | Entered a sewer
  2745 | Sewer    | Identified a scroll of acquirement
  2814 | Sewer    | Reached skill level 9 in Short Blades
  3736 | Sewer    | Reached XP level 7. HP: 24/41 MP: 7/7
  4205 | Sewer    | Reached skill level 10 in Short Blades
  5106 | D:4      | Reached *** piety under Trog
  5127 | D:4      | Reached skill level 11 in Short Blades
  5222 | D:4      | Found a staircase to the Ecumenical Temple.
  5382 | D:4      | Reached XP level 8. HP: 33/46 MP: 8/8
  5562 | D:4      | Reached skill level 12 in Short Blades
  5996 | Temple   | Entered the Ecumenical Temple
  6138 | D:5      | Entered Level 5 of the Dungeon
  6220 | D:5      | Reached skill level 1 in Stealth
  6255 | D:5      | Reached skill level 1 in Evocations
  6322 | D:5      | Noticed an oklob plant
  6325 | D:5      | Found a blossoming altar of Fedhas.
  6464 | D:5      | You fall into a shaft and drop 1 floor!
  7383 | D:5      | Reached XP level 9. HP: 46/52 MP: 9/9
  7621 | D:6      | Reached **** piety under Trog
  7697 | D:6      | Reached skill level 5 in Fighting
  7697 | D:6      | Reached skill level 5 in Stealth
  7727 | D:6      | Reached skill level 5 in Dodging
  8085 | D:6      | HP: 2/53 [wight/+0 short sword (4)]
  8090 | D:6      | HP: 1/48 [wight/+1 mace (3)]
  8632 | D:6      | Slain by a gnoll

Illustrated notes

Levels and vault maps discovered:
D:1:      roderic_crossed_star, layout_basic, ebering_ecumenical_altar_hall,
          minmay_cupped
D:2:      layout_rooms, serial_shops, shop, basic_altar
D:3:      layout_rooms, portal_sewer_entry_b, minmay_fractal_squares_5
D:4:      layout_cave_pools, minmay_temple_entry_arrows,
          hangedman_decor_peaks_small, minmay_misc_feat_doors
D:5:      layout_loops_ring, tgw_fedhas
D:6:      kennysheep_housing_project, layout_cave_pools,
          mainiacjoe_overflow_brackets
Temple:   eino_temple_lava

Skill      XL: |  1  2  3  4  5  6  7  8  9 |
---------------+----------------------------+-----
Short Blades   | 5 6 7 8 9 11 12 | 12.0
Stealth        | 4 6 |  6.8
Evocations     | 1 |  1.3
Dodging        | 4 6 |  6.3
Fighting       | 4 6 |  6.2
Armour         | |  1.5

Action                   |  1- 3 |  4- 6 |  7- 9 || total
-------------------------+-------+-------+-------++-------
Melee: Short sword       |    77 |   211 |   357 ||   645
       Punch             |       |     2 |     8 ||    10
Throw: Throwing net      |       |       |     2 ||     2
       Dart              |       |       |     1 ||     1
Invok: Berserk           |     1 |     8 |    11 ||    20
       Trog's Hand       |       |       |     3 ||     3
  Use: Scroll            |       |       |    13 ||    13
       Potion            |       |       |    10 ||    10
 Stab: Sleeping          |    14 |     5 |    12 ||    31
       Held in net/web   |       |       |     1 ||     1
Armor: Animal skin       |     6 |       |       ||     6
       Leather armour    |       |    21 |    34 ||    55
Dodge: Dodged            |    36 |    93 |   168 ||   297
